[Event "*** Titled Tuesday Blitz"]
[Site "Chess.com"]
[Date "2019.03.05"]
[Round "7"]
[White "bascheyaro"]
[Black "MITerryble"]
[Result "0-1"]
[WhiteElo "2806"]
[BlackElo "2825"]
[TimeControl "180+2"]
[EndTime "14:41:48 PST"]
[Termination "MITerryble won by resignation"]

1. d4 Nf6 2. c4 d6 3. Nc3 Nbd7 4. Nf3 e5 5. Bg5 Be7 6. e3 O-O 7. Be2 c6 8. O-O Re8 9. h3 Qc7 10. Rc1 Bf8 11. Qc2 a5 12. Rfd1 h6 13. Bh4 exd4 14. exd4 Nh5 15. Re1 Ndf6 16. d5 g5 17. Nxg5 hxg5 18. Bxg5 Bd7 19. g4 Nh7 20. Be3 N5f6 21.
Bd3 Kh8 22. g5 Rxe3 23. Rxe3 Nxg5 24. h4 Ngh7 25. Rf3 Bg4 26. Rg3 Bh6 27. Bxh7 Bxc1 28.
Qxc1 Kxh7 29. Qg5 Qd8 30. h5 Qh8 31. Qf4 Rg8 32. Qxd6 Nxh5 33. Rg2 Bf3 34. Rxg8 Qxg8+ 35. Kf1 Qg2+ 36. Ke1 Qg1+ 37. Kd2 Qxf2+ 38. Kd3 Bg4 39. c5 Nf4+ 40. Ke4 Nxd5 41. Nxd5 cxd5+ 42. Kxd5 Qd2+ 43. Ke5 Qxb2+ 44. Kf4 Be6 45. Kg5 Qg2+ 46. Kf6 Qg7+ 47. Ke7 Qg5+ 48. Kf8 Qg8+ 49. Ke7 Qg5+ 50. Kf8 Kg6 51. Qb6 Qd5 52. Ke7 Qd7+ 53. Kf8 Qc8+ 54.
Ke7 Qd7+ 55. Kf8 Qc6 56. Qxa5 Kf5 57. a4 Ke4 58. Kg7 Kd5 59. Qd2+ Kxc5 60. a5 Kb5 61.
Kf6 Qf3+ 62. Ke7 Qd5 63. Qe1 Qc5+ 64. Kf6 Qd4+ 65. Kg5 Qg7+ 66. Kf4 Qf6+ 67. Kg3 Qg5+ 68. Kf3 Bd5+ 0-1

[Event "*** Titled Tuesday Blitz"]
[Site "Chess.com"]
[Date "2019.03.05"]
[Round "7"]
[White "GM_dmitrij"]
[Black "Genghis_K"]
[Result "0-1"]
[WhiteElo "2862"]
[BlackElo "2850"]
[TimeControl "180+2"]
[EndTime "14:41:50 PST"]
[Termination "Genghis_K won by resignation"]

1. e4 c5 2. Nf3 d6 3. Bb5+ Nd7 4.
O-O a6 5. Bd3 Ngf6 6. Re1 e6 7.
c3 b5 8. Bc2 c4 9. a4 Bb7 10. d4 cxd3 11. Qxd3 Be7 12. axb5 axb5 13. Rxa8 Qxa8 14. Qxb5 Bxe4 15. Bxe4 Nxe4 16. Bf4 Nf6 17. Rd1 e5 18. Bxe5 dxe5 19. Nxe5 Qb8 20. Qxb8+ Nxb8 21. Nd2 O-O 22. Ndc4 Rc8 23. Nb6 Rd8 24. Rxd8+ Bxd8 25. Nbc4 Nfd7 26. Nd3 f6 27. Kf1 Kf7 28. b4 Bc7 29.
Ke2 Ke6 30. Ne3 Nc6 31. b5 Nce5 32. Nf4+ Kf7 33. Nfd5 Bd8 34. f4 Ng6 35. Kd3 Ne7 36.
Nb4 Ke6 37. g4 Bb6 38. f5+ Kd6 39. Nec2 Ne5+ 40. Ke4 Nxg4 41. c4 Ne5 42. Na3 Bc5 43.
Nbc2 Nc8 44. h3 Nb6 45. Nb1 Nexc4 46. Nc3 Ne5 47. Kf4 Nd5+ 48. Nxd5 Kxd5 49. h4 Kc4 50. h5 h6 51. Ne1 Kxb5 52. Ng2 Bf2 53. Ke4 Kc4 54. Nf4 Nf7 55. Kf3 Bc5 56. Kg4 Ng5 57.
Ng2 Kd5 58. Nh4 Ke4 59. Ng6 Bd6 60. Nh4 Nf7 61. Kh3 Kf4 62. Kg2 Ne5 63. Kh3 Bb4 64. Ng2+ Kxf5 65. Ne3+ Kg5 66. Nd5 Bc5 67. Nc3 Kxh5 68.
Ne4 Be7 69. Ng3+ Kg6 70. Ne4 f5 71. Nc3 Kf7 72. Nd5 Bd6 0-1

[Event "*** Titled Tuesday Blitz"]
[Site "Chess.com"]
[Date "2019.03.05"]
[Round "7"]
[White "Shant_Sargsyan"]
[Black "PaulfromSPb"]
[Result "1-0"]
[WhiteElo "2912"]
[BlackElo "2617"]
[TimeControl "180+2"]
[EndTime "14:41:50 PST"]
[Termination "Shant_Sargsyan won by resignation"]

1. Nf3 Nf6 2. c4 b6 3. d4 e6 4.
g3 Ba6 5. Qa4 Bb7 6. Bg2 c5 7.
dxc5 Bxc5 8. O-O O-O 9. Nc3 Na6 10. Rd1 Be7 11. Bf4 Nc5 12. Qc2 Qc8 13. Rd4 d5 14. cxd5 exd5 15. Rdd1 Nce4 16. Rac1 Bc5 17. Nd4 Nxc3 18. Qxc3 Ne4 19. Qe1 Qd7 20. Bxe4 dxe4 21.
Nb3 Qb5 22. Nxc5 bxc5 23. Be3 Rac8 24. Rc3 Ba6 25. Rd2 c4 26. Qc1 Rc7 27. Kg2 h6 28.
Ra3 Bc8 29. Qc3 a6 30. Ra5 Qb7 31. Rad5 Be6 32. Rd8 Rc8 33. Rxf8+ Rxf8 34. Rd6 Bg4 35. Rd2 Rc8 36. Qe5 f6 37. Qc3 Be6 38. Rd6 Rc6 39. Rd8+ Kh7 40. Rd4 Rc7 41. Qc2 Bd5 42. h4 h5 43. Kh2 Qc6 44. Qd2 Rd7 45. Qa5 Qb5 46. Qc3 Rb7 47. Rd2 Be6 48. Kg1 Bf5 49. Bd4 Bg6 50.
Qe3 Qa4 51. a3 Rb3 52. Bc3 Rb7 53. Rd5 Qc6 54. Qd4 e3 55. f3 Qe6 56. Kg2 Bf5 57.
Rd6 Bh3+ 58. Kh2 Qf5 59. Qxe3 Bf1 60. Qf2 Qh3+ 61. Kg1 Re7 62. Rd2 g5 63. hxg5 fxg5 64. Qxf1 Qxg3+ 65. Qg2 Qe1+ 66. Kh2 Qh4+ 67. Qh3 Qf2+ 68.
Qg2 Qh4+ 69. Kg1 Qe1+ 70. Qf1 Qg3+ 71. Kh1 Qh4+ 72. Kg2 g4 73. Qb1+ Kh6 74. Rd6+ Kg5 75. Qg6+ Kf4 1-0

[Event "*** Titled Tuesday Blitz"]
[Site "Chess.com"]
[Date "2019.03.05"]
[Round "7"]
[White "saraswathii"]
[Black "Blitzstream"]
[Result "1/2-1/2"]
[WhiteElo "2272"]
[BlackElo "2573"]
[TimeControl "180+2"]
[EndTime "14:42:27 PST"]
[Termination "Game drawn by agreement"]

1. d4 d5 2. Bf4 Nf6 3. e3 c5 4. c3 Nc6 5. Nf3 Qb6 6. Qb3 c4 7.
Qc2 Bf5 8. Qc1 Nh5 9. Bg3 f6 10. Nbd2 e5 11. dxe5 Nxg3 12. hxg3 fxe5 13. e4 dxe4 14.
Nxc4 Qc5 15. Nh4 Be6 16. b4 Nxb4 17. cxb4 Qxb4+ 18. Nd2 Rd8 19. Rb1 Qa5 20. Bb5+ Kf7 21. Bc4 Rd4 22. Nf5 Rxc4 23. Rxb7+ Kg8 24. Qd1 Bxf5 25.
O-O Rd4 26. Qb3+ Qd5 27. Qxd5+ Rxd5 28. Nc4 a5 29. Ne3 Rd7 30. Rb8 Bg6 31. Rc1 h6 32.
Rcc8 Rf7 33. Nc4 Kh7 34. Nxe5 Rf5 35. Nd7 e3 36. fxe3 h5 37. Nxf8+ Kh6 38. Nxg6 Rxc8 39.
Rxc8 Kxg6 40. Rc6+ Kg5 41. Rc7 g6 42. Rc4 Rb5 43. a4 Rd5 44. Kf2 Kf6 45. Kf3 g5 46. Ke4 Rd2 47. Rc6+ Kg7 48. Kf5 Rxg2 49. Rg6+ Kf7 50.
Rxg5 Ra2 51. Rxh5 Rxa4 52. Rh7+ Kg8 53. Ra7 Ra2 54. e4 a4 55. g4 a3 56. Kg6 Kf8 57.
g5 Re2 58. Kf5 a2 59. e5 Rf2+ 60. Ke6 Re2 61. g6 Rd2 62. Kf6 Rf2+ 63. Kg5 Rg2+ 64. Kf5 Rf2+ 65. Ke4 Rg2 66. Kf5 Rf2+ 67. Kg5 Rg2+ 68.
Kf6 Rf2+ 69. Ke6 Rg2 70. g7+ Kg8 71. Kf6 Rf2+ 72. Ke6 Rd2 73. Kf5 Rf2+ 74. Ke4 Re2+ 75. Kd4 Rd2+ 76. Ke3 Rb2 77. e6 Rb6 78. e7 Re6+ 79.
Kf4 Rxe7 80. Rxa2 Kxg7 1/2-1/2

[Event "*** Titled Tuesday Blitz"]
[Site "Chess.com"]
[Date "2019.03.05"]
[Round "7"]
[White "Gubajdullin"]
[Black "MikaelyanArman"]
[Result "0-1"]
[WhiteElo "2456"]
[BlackElo "2709"]
[TimeControl "180+2"]
[EndTime "14:42:34 PST"]
[Termination "MikaelyanArman won by resignation"]

1. d4 Nf6 2. Bf4 g6 3. e3 Bg7 4. Nf3 O-O 5. Be2 c5 6. O-O cxd4 7. exd4 Qb6 8. Nc3 d6 9. a3 Bf5 10. d5 Nbd7 11. Nd4 Rac8 12. Nxf5 gxf5 13. Be3 Qxb2 14. Bd4 Rxc3 15. Bd3 Nc5 16. Bxf5 Na4 17. Qd2 Rfc8 18. Rfb1 Rxc2 19. Rxb2 Rxd2 20. Rxd2 Rc4 21. Re1 Kf8 22.
g3 Nc5 23. Bxf6 Bxf6 24. Bxh7 b5 25. Rb1 a6 26. Rb4 Rc1+ 27. Kg2 Ke8 28. Bf5 e6 29. dxe6 fxe6 30. Bg6+ Ke7 31. h4 Bc3 32. Re2 Bxb4 33. axb4 Nd7 34. Ra2 Ne5 35. Bh7 Rc6 36. h5 Kf6 37. f4 Ng4 38. Kh3 Nh6 39. g4 Kg7 40.
Bg6 Rc4 41. g5 Nf5 42. Bxf5 exf5 43. Rxa6 Rxf4 44. Ra7+ Kg8 45. h6 Rg4 46. Rg7+ Kh8 47.
Rg6 Kh7 48. Rg7+ Kh8 49. g6 d5 50. Rh7+ Kg8 51. Rg7+ Kh8 52. Rh7+ Kg8 53. Rg7+ Kh8 54. Rd7 Rxg6 55. Rxd5 Rxh6+ 56. Kg3 Rg6+ 57. Kf3 Kg7 58. Rxb5 Rg1 59. Kf4 Kf7 60. Ke5 Ke7 61. Rb7+ Kd8 62. Kd6 Rd1+ 63. Kc6 Rc1+ 64. Kb6 Ke8 65.
b5 f4 66. Rh7 f3 67. Rh3 f2 68. Rf3 f1=Q 69. Rxf1 Rxf1 70. Kc7 Rc1+ 71. Kb7 Kd7 72. b6 Rb1 73. Ka7 Kc6 74. b7 Rxb7+ 75. Ka8 Rh7 0-1

[Event "*** Titled Tuesday Blitz"]
[Site "Chess.com"]
[Date "2019.03.05"]
[Round "7"]
[White "Bryakin_Mikhail"]
[Black "1stSecond"]
[Result "0-1"]
[WhiteElo "2646"]
[BlackElo "2753"]
[TimeControl "180+2"]
[EndTime "14:42:47 PST"]
[Termination "1stSecond won on time"]

1. d4 Nf6 2. c4 e6 3. g3 d5 4. Bg2 Bb4+ 5. Bd2 Be7 6. Nf3 O-O 7.
O-O Nbd7 8. a4 a5 9. Na3 Ne4 10. Be3 c6 11. Qc2 f5 12. Ne1 Bb4 13. Nd3 Qe7 14.
f3 Nd6 15. c5 Bxa3 16. bxa3 Nc4 17. Bf2 e5 18. e4 f4 19. dxe5 Ndxe5 20. Nxf4 dxe4 21.
fxe4 Bg4 22. Bd4 Rad8 23. Qc3 Rxd4 24. Qxd4 Rd8 25. Qc3 Qxc5+ 26. Kh1 Qe3 27. Qxe3 Nxe3 28. Rf2 g5 29. Nh3 h6 30. Ng1 Nxg2 31. Kxg2 Rd4 32. h3 Bc8 33. Nf3 Nxf3 34. Kxf3 Bxh3 35. Rb2 Bc8 36.
Ke3 Rxa4 37. Rd2 Kf7 38. Rd8 Be6 39. Rb8 b5 40. Rh1 Rxa3+ 41. Kd4 Kg7 42. Ke5 Bg4 43.
Rb7+ Kg6 44. Rf1 Rf3 45. Rc1 Rf6 46. Kd4 a4 47. e5 Re6 48. Rb6 Bf3 49. Rb8 g4 50. Rg8+ Kf7 51. Rd8 a3 52. Ra1 b4 53.
Kc4 Rxe5 54. Kxb4 Re4+ 55. Kxa3 Re3+ 56. Kb4 Bd5 57. Ra7+ Kg6 58. Rd6+ Kh5 59. Rh7 Rxg3 60.
Rhxh6+ Kg5 61. Rhg6+ Kf4 62. Rdf6+ Ke3 63. Kc5 Rg1 64. Rf8 g3 65. Re8+ Kf2 66. Rf8+ Kg2 67. Kd4 Ra1 68. Ke3 Ra3+ 69. Kd2 Kg1 70. Rff6 g2 71. Rg5 Bf3 72. Ke1 Rd3 73. Rxf3 Rxf3 74. Rg6 Kh2 75. Ke2 Rg3 76. Rh6+ Rh3 0-1

[Event "*** Titled Tuesday Blitz"]
[Site "Chess.com"]
[Date "2019.03.05"]
[Round "7"]
[White "nikitakhoroshev"]
[Black "marianokar"]
[Result "1-0"]
[WhiteElo "2609"]
[BlackElo "2436"]
[TimeControl "180+2"]
[EndTime "14:43:06 PST"]
[Termination "nikitakhoroshev won on time"]

1. e4 e5 2. Nf3 Nc6 3. Bb5 Nf6 4.
d3 d6 5. O-O g6 6. c3 Bg7 7.
Re1 O-O 8. Be3 a6 9. Bxc6 bxc6 10.
Nbd2 c5 11. c4 Ng4 12. h3 Nxe3 13. fxe3 a5 14. Nf1 f5 15. exf5 gxf5 16. Qc2 Bb7 17. Rad1 Rf6 18. Qf2 Rg6 19. Ng3 f4 20. exf4 exf4 21.
Ne4 Qd7 22. Kh1 Rf8 23. Re2 Rh6 24. Rde1 Qf5 25. Neg5 Rg6 26. Ne6 Rc8 27. Qh4 Bf6 28. Qxf4 Qxf4 29. Nxf4 Rg3 30. Nh5 Rxf3 31. gxf3 Bxf3+ 32. Rg2+ Bxg2+ 33. Kxg2 Be5 34. Kf3 Kf7 35. Ke4 Re8 36.
Kd5 Kg6 37. Nf4+ Kf5 38. Ng2 Rg8 39. Ne3+ Kf4 40. Kc6 Rg3 41. Nd5+ Kg5 42. Nxc7 Rxh3 43. Ne6+ Kf6 44. Nc7 h5 45. Rg1 h4 46. Kd7 Rf3 47. Nd5+ Kf7 48. Rh1 h3 49. Nc7 h2 50. Ne6 Rxd3 51.
Ng5+ Kg6 52. Ne4 Kf5 53. Nf2 Rd2 54. Nd1 Ke4 55. Rf1 Kd3 56. Re1 Kxc4 57. Ne3+ Kd3 58. Ng4 Bg3 59. Rh1 Rg2 60. Ke6 Kc2 61. Ne3+ Kxb2 62. Nxg2 c4 63. Kd5 c3 64. Ne3 c2 65.
Nc4+ Kc3 66. Nxa5 Kb2 67. Nb3 Kxa2 68. Kc4 Kb2 69. Nc1 Bf4 70. Nd3+ Ka2 71. Nxf4 1-0

[Event "*** Titled Tuesday Blitz"]
[Site "Chess.com"]
[Date "2019.03.05"]
[Round "7"]
[White "Ibraev_Vasilj"]
[Black "FrenchandSlav"]
[Result "1-0"]
[WhiteElo "2158"]
[BlackElo "2280"]
[TimeControl "180+2"]
[EndTime "14:43:11 PST"]
[Termination "Ibraev_Vasilj won by resignation"]

1. c4 Nf6 2. Nc3 e6 3. Nf3 d5 4.
e3 c5 5. cxd5 exd5 6. d4 cxd4 7.
Nxd4 Bd6 8. Be2 O-O 9. O-O Nc6 10.
Bf3 Ne5 11. Bxd5 Neg4 12. g3 Nxd5 13. Nxd5 Bxg3 14. hxg3 Qxd5 15. Qf3 Qh5 16. Qg2 b6 17. f3 Nf6 18. g4 Qc5 19. Bd2 Ba6 20. Rfc1 Qd5 21. Bc3 Rac8 22. Nf5 Qe6 23. e4 Rfd8 24. Rd1 g6 25. Nd4 Qe7 26. Qg3 Nd7 27. Nb3 Nc5 28.
Nxc5 Qxc5+ 29. Kg2 Be2 30. Re1 Qe3 31. Qf2 Qxf2+ 32.
Kxf2 Bc4 33. a3 Be6 34. Rad1 Kf8 35. g5 Rxd1 36. Rxd1 Kg8 37. Kg3 h5 38. gxh6 Kh7 39.
Kf4 Rc5 40. Bg7 Rc8 41. Rd6 Kg8 42. Kg5 Kh7 43. f4 Kg8 44. Kf6 Kh7 45. f5 gxf5 46.
exf5 Bb3 47. Rd7 Rc6+ 48. Kg5 Rc8 49. Rxa7 b5 50. Rb7 Bc4 51. Rd7 Re8 52. Kf6 Rc8 53. Rd6 Rb8 54. Rc6 Rd8 55. Kg5 Bd3 56. Rc5 Re8 57. Kf6 Bc4 58. a4 Rb8 59. a5 Ra8 60. Kg5 Bd3 61. b4 Rd8 62. Re5 Bc4 63. Kf6 Rd6+ 64.
Kg5 Rd1 65. Re7 f6+ 66. Kxf6 Rd6+ 67. Ke5 Rd5+ 68. Ke4 Rd1 69. Re8 Bd3+ 70. Kf4 Rf1+ 71. Kg3 Rg1+ 72. Kf2 Rf1+ 73. Ke3 Re1+ 74. Kxd3 Rxe8 75.
f6 Kg6 76. Kd4 Rc8 77. Kd5 Rc4 78. a6 Rxb4 79. Kc5 Ra4 80. Kxb5 Ra1 81. Kb6 Rb1+ 82.
Kc7 Ra1 83. Kb7 Rb1+ 84. Ka7 Ra1 85. f7 1-0

[Event "*** Titled Tuesday Blitz"]
[Site "Chess.com"]
[Date "2019.03.05"]
[Round "7"]
[White "jbj"]
[Black "Zq1"]
[Result "1-0"]
[WhiteElo "2599"]
[BlackElo "2545"]
[TimeControl "180+2"]
[EndTime "14:43:22 PST"]
[Termination "jbj won on time"]

1. e4 c5 2. d4 cxd4 3. c3 dxc3 4. Nxc3 d6 5. Nf3 e6 6. Bc4 a6 7. O-O Be7 8. Qe2 b5 9. Bb3 Nf6 10. Rd1 Nbd7 11. Bf4 Qb6 12. Be3 Qb7 13. Rac1 O-O 14. Bf4 Nc5 15. Bc2 b4 16. Na4 Ncxe4 17. Rd4 Nc5 18.
Bxd6 Bxd6 19. Rxd6 Nxa4 20. Bxa4 Bd7 21. Bxd7 Nxd7 22.
Rcd1 Nf6 23. Ne5 Qb5 24. Qe1 Rac8 25. R1d2 h6 26. h3 Rc5 27. Nd7 Nxd7 28. Rxd7 Qc6 29. Qe3 a5 30. Kh2 Rc2 31. Rxc2 Qxd7 32. Qc5 Ra8 33.
Rc4 Qb7 34. Rg4 Qd5 35. Qe3 h5 36. Rg5 Qd6+ 37. f4 g6 38. Qg3 Kh7 39. Qf3 Ra7 40. Qe3 Rc7 41. Rxa5 Rc4 42. Re5 Rc2 43. a3 Rxb2 44. axb4 Rxb4 45. Qg3 Qd4 46. f5 exf5 47.
Re7 Kg7 48. Qe5+ Qxe5+ 49. Rxe5 h4 50. Ra5 Kf6 51. Ra6+ Kg5 52. Ra7 f6 53. Ra6 Rb2 54.
Kg1 f4 55. Ra5+ f5 56. Ra3 Re2 57. Rb3 Re3 58. Rb1 Rg3 59. Kf2 Rc3 60. Rb4 Rg3 61. Ra4 f3 62. gxf3 Rxh3 63. Kg2 Rg3+ 64. Kf2 Kh5 65. Ra8 Kg5 66. Ra4 f4 67. Ra5+ Kh6 68. Ra8 g5 69. Rh8+ Kg7 70. Rh5 h3 71. Ke2 Kf6 72. Kf2 Ke5 73. Rh8 Rg2+ 74. Kf1 Rg3 75. Kf2 Kf6 76. Rh7 Kg6 77. Rh8 Rg2+ 78. Kf1 1-0

[Event "*** Titled Tuesday Blitz"]
[Site "Chess.com"]
[Date "2019.03.05"]
[Round "7"]
[White "Slovak_fighter2000"]
[Black "Kampkatten"]
[Result "1/2-1/2"]
[WhiteElo "2479"]
[BlackElo "2752"]
[TimeControl "180+2"]
[EndTime "14:43:25 PST"]
[Termination "Game drawn by repetition"]

1. d4 Nf6 2. Bf4 g6 3. Nc3 d5 4. e3 Bg7 5. h4 h5 6. Nf3 c5 7. Nb5 Na6 8. c3 O-O 9. Ne5 Bf5 10. a4 Nd7 11. Nxd7 Qxd7 12. Be2 Rfe8 13. Bf3 cxd4 14. exd4 e5 15. dxe5 Bxe5 16. Bxe5 Rxe5+ 17. Kf1 Rae8 18. Qd4 b6 19. g3 Nc5 20. Kg2 Nb3 21. Qf4 Nxa1 22.
Rxa1 Be4 23. Nd4 Qd6 24. a5 Kg7 25. axb6 Qxb6 26. Qd2 R5e7 27. b4 Rc8 28. Bxe4 dxe4 29. Ra5 Qf6 30. Qe3 Rd8 31. Rc5 Rd6 32. Rc8 Ra6 33.
Ne2 Qf5 34. Rc5 Qf3+ 35. Qxf3 exf3+ 36. Kxf3 Ra2 37. Nd4 Rd2 38. Rc6 Rd3+ 39. Kg2 Rd7 40. b5 Kf8 41. Rc8+ Ke7 42. Nc6+ Kf6 43. Nd4 Rd2 44. Rc6+ Ke5 45. Nf3+ Ke4 46. Nxd2+ Rxd2 47. Rc7 Rc2 48. Rxa7 Rxc3 49. Rxf7 Rb3 50. Rf6 Rxb5 51. Rxg6 Rb8 52. Rg5 Rh8 53. Ra5 Rh7 54. Ra4+ Kf5 55. Kf3 Rb7 56. Ra5+ Kg6 57. Rg5+ Kh6 58. Kg2 Rb3 59.
Re5 Rc3 60. Re3 Rc2 61. Ra3 Kg6 62. Kf3 Rb2 63. Ke3 Rc2 64. f3 Rb2 65. Ra4 Rb8 66. g4 hxg4 67. fxg4 Rb1 68. Ra6+ Kg7 69. Kf4 Rb4+ 70.
Kg5 Rb5+ 71. Kf4 Rb4+ 72. Kf5 Rb5+ 73. Ke6 Rb4 74. Kf5 Rb5+ 75. Kf4 Rb4+ 76. Kf3 Rb3+ 77.
Ke2 Rb2+ 78. Kd3 Rb4 79. Ra7+ Kg8 80. g5 Rxh4 81. Ke3 Rb4 82. Kf3 Rc4 83. Ra5 Kg7 84.
Rf5 Kg6 85. Rf4 Rc1 86. Kg4 Rg1+ 87. Kh4 Rh1+ 88. Kg4 Rg1+ 89. Kh4 Rh1+ 90. Kg4 Rg1+ 91. Kh4 Rh1+ 92. Kg4 Rg1+ 93. Kh4 Rh1+ 94. Kg4 Rg1+ 1/2-1/2

[Event "*** Titled Tuesday Blitz"]
[Site "Chess.com"]
[Date "2019.03.05"]
[Round "7"]
[White "BIG_Pirate"]
[Black "IakovUlivar"]
[Result "0-1"]
[WhiteElo "2373"]
[BlackElo "2506"]
[TimeControl "180+2"]
[EndTime "14:43:36 PST"]
[Termination "IakovUlivar won by resignation"]

1. Nf3 Nf6 2. c4 e6 3. g3 d5 4. Bg2 Be7 5. O-O O-O 6. d4 dxc4 7. Qc2 a6 8. a4 Nc6 9. Qxc4 Qd5 10. Qxd5 exd5 11.
Bf4 Nb4 12. Nc3 c6 13. a5 Bf5 14. Rfd1 Nd7 15. Rd2 Rfe8 16. Na4 Rac8 17. h3 h5 18. Nc3 f6 19. h4 Nf8 20. Rc1 Ne6 21. Be3 Kh7 22.
Na4 Rcd8 23. Kh2 Na2 24. Ra1 Nb4 25. Bh3 Bxh3 26. Kxh3 Kg6 27. Nb6 Kf7 28. Rc1 Nc7 29. Rdd1 Nb5 30. Kg2 Nd6 31. Bd2 Ne4 32. Be1 Bf8 33.
e3 g6 34. Kf1 Be7 35. Ke2 Bf8 36. Nd2 Nxd2 37. Bxd2 Be7 38. Rc3 Bf8 39. Rb3 c5 40. Bxb4 cxb4 41. Rc1 Bd6 42. Rd3 Bb8 43. Rc5 Re6 44.
Rxd5 Rxd5 45. Nxd5 Rc6 46. Nxb4 Rc1 47. Rd1 Rc4 48.
Nd3 Ra4 49. b4 Bd6 50. Rb1 Ke6 51. e4 f5 52. e5 Be7 53. Rb3 Kd5 54. Ke3 Kc4 55.
Rb1 Ra3 56. Rc1+ Kd5 57. Rc7 Bxb4 58. Rd7+ Ke6 59. Rxb7 Bxa5 60. Ke2 Ra2+ 61. Kf3 Ra3 62. Ke2 Ra2+ 63. Kf1 Kd5 64. Rd7+ Ke4 65. e6 Kxd3 66. e7 Re2 67. d5 Re1+ 68. Kg2 Bb4 69. d6 Kc4 70.
Rc7+ Kd5 71. d7 Bxe7 72. Rc8 Ke6 73. d8=Q Bxd8 74. Rxd8 Ke7 75. Ra8 Re6 76. Kf3 Kf6 77.
Ra7 Ke5 78. Ke3 Kd5+ 79. Kf4 Kc5 80. Kg5 Kb6 81. Ra8 a5 82. Rb8+ Kc5 83. Ra8 Kb4 84. f3 a4 85. Rb8+ Kc3 86. Rc8+ Kb2 87. Rb8+ Ka2 88. Ra8 a3 89. Ra7 Rb6 90. Ra8 Kb2 91.
g4 fxg4 92. fxg4 hxg4 0-1

[Event "*** Titled Tuesday Blitz"]
[Site "Chess.com"]
[Date "2019.03.05"]
[Round "7"]
[White "INLOVEWITHF"]
[Black "MFguimaraes"]
[Result "1/2-1/2"]
[WhiteElo "2284"]
[BlackElo "2303"]
[TimeControl "180+2"]
[EndTime "14:49:20 PST"]
[Termination "Game drawn by agreement"]

1. Nf3 d5 2. g3 Nf6 3. Bg2 c5 4. O-O Nc6 5. d4 cxd4 6. Nxd4 e5 7. Nxc6 bxc6 8. c4 Be6 9. Bg5 Be7 10. Nc3 Rc8 11. cxd5 Nxd5 12. Bxe7 Nxe7 13. Qa4 Qb6 14. b4 O-O 15. Ne4 Bd5 16. Nc5 Bxg2 17. Kxg2 Nd5 18.
a3 Rfd8 19. Rfd1 Nc3 20. Rxd8+ Rxd8 21. Qc2 Nd5 22. Rd1 h6 23. e4 Nf6 24. Na4 Qc7 25.
Rxd8+ Qxd8 26. Qxc6 Qd3 27. Nc3 h5 28. h4 Ng4 29.
Qc8+ Kh7 30. Qf5+ Kg8 31. Qc8+ Kh7 32. Qf5+ Kg8 33. Nd5 Qe2 34. Qf3 Qc2 35. Ne3 Qc8 36.
Nxg4 hxg4 37. Qe3 Qa6 38. Qc5 Qxa3 39. Qc8+ Kh7 40. Qf5+ Kg8 41. Qc8+ Kh7 42. Qxg4 Qxb4 43. Qf5+ Kg8 44. Qxe5 a5 45. Qe8+ Kh7 46. Qxf7 Qxe4+ 47. Kh2 a4 48. f4 a3 49. f5 Qe2+ 50. Kh3 Qf1+ 51. Kg4 Qd1+ 52. Kg5 Qd8+ 53. Kg4 Qd4+ 54. Kg5 Qd2+ 55. Kg4 Qe2+ 56. Kg5 Qe3+ 57. Kg4 Qe2+ 58.
Kg5 a2 59. f6 Qe5+ 60. Kg4 Qd4+ 61. Kh3 Qxf6 62. Qxa2 Qf5+ 63. Kh2 g6 64. Qg2 Qg4 65.
Qd2 Qf5 66. Qe2 Qd5 67. Qg2 Qd4 68. Qe2 Qf6 69. Qg2 Qd6 70. Qc2 Kh6 71. Qc1+ Kh7 72.
Qb2 Qd5 73. Qe2 Qc5 74. g4 Qd6+ 75. Kh3 Qa3+ 76. Kh2 Qd6+ 77. Kh3 Qa3+ 78. Kg2 Qd6 79. Qf3 Qd2+ 80. Kg3 Qe1+ 81. Qf2 Qe5+ 82. Kh3 Qc3+ 83. Qg3 Qc1 84. Qf3 Qb1 85. Qf7+ Kh8 86. Qf8+ Kh7 87. Qf7+ Kh8 88. Kg3 Qd3+ 89. Qf3 Qd6+ 90. Kh3 Qb4 91. Qe3 Qb1 92. Kg3 Qc2 93. Qf3 Qc7+ 94. Kh3 Qc2 95.
g5 Qc8+ 96. Kg3 Qc7+ 97. Qf4 Qc3+ 98. Qf3 Qe5+ 99. Kg4 Qe6+ 100. Kg3 Qe5+ 101. Qf4 Qe1+ 102. Kg2 Qe2+ 103. Qf2 Qg4+ 104. Qg3 Qe2+ 105. Kh3 Qf1+ 106. Qg2 Qf5+ 107. Kh2 Qf4+ 108. Qg3 Qd2+ 109. Kg1 Qd1+ 110. Kg2 Qe2+ 111. Qf2 Qg4+ 112. Kf1 Qd1+ 113. Qe1 Qf3+ 114. Qf2 Qd1+ 115. Kg2 Qg4+ 116. Kh2 Qe4 117. Qf8+ Kh7 118. Qf7+ Kh8 119. Qf8+ Kh7 120. Qf7+ Kh8 121. Qf6+ Kh7 122. Qf2 Qe5+ 123. Qg3 Qe2+ 124. Qg2 Qe5+ 125. Kh3 Qf5+ 126. Qg4 Qf1+ 127. Kh2 Qf2+ 128. Kh3 Qf1+ 129. Qg2 Qf5+ 130. Kh2 Qf4+ 131. Qg3 Qd2+ 132. Kg1 Qd1+ 133. Kg2 Qe2+ 134. Qf2 Qg4+ 135. Kf1 Qd1+ 136. Qe1 Qf3+ 137. Qf2 Qd1+ 138. Kg2 Qg4+ 139. Kh2 Qe4 140. Kg1 Qg4+ 141. Kf1 Qd1+ 142. Kg2 Qg4+ 143. Kh2 Qe4 144. Qa7+ Kh8 145. Qb8+ Kh7 146. Qc7+ Kh8 147. Qd8+ Kh7 148. Qd7+ Kh8 149. Qc8+ Kh7 150. Qc7+ Kh8 151. Qc3+ Kh7 152. Kg3 Kg8 153. Qc8+ Kh7 154. Qd7+ Kh8 155. Qd8+ Kh7 156. Qc7+ Kh8 157. Qc3+ Kh7 158. Qf6 Qe3+ 159. Qf3 Qe5+ 160. Kg2 Qb2+ 161. Kh3 Qc2 162. h5 Qc8+ 163. Kh4 Qc4+ 164. Kg3 Qc7+ 165. Kh3 Qd7+ 166. Kh4 Qd4+ 167. Kh3 1/2-1/2

[Event "*** Titled Tuesday Blitz"]
[Site "Chess.com"]
[Date "2019.03.05"]
[Round "8"]
[White "NoGalloNoParty"]
[Black "vovachesss"]
[Result "0-1"]
[WhiteElo "2350"]
[BlackElo "2580"]
[TimeControl "180+2"]
[EndTime "14:52:15 PST"]
[Termination "vovachesss won by resignation"]

1. Nf3 d5 2. c4 dxc4 3. Na3 e5 4. Nxc4 e4 5. Ng1 Nf6 6. g3 Be6 7. Ne3 Nc6 8. Bg2 Qd7 9. f3 Bc5 10. Nc2 O-O-O 11. fxe4 Ng4 12. Nh3 Nb4 13. Nxb4 Ne3 0-1

[Event "*** Titled Tuesday Blitz"]
[Site "Chess.com"]
[Date "2019.03.05"]
[Round "8"]
[White "Sajkochess"]
[Black "zeitnot2006"]
[Result "1-0"]
[WhiteElo "2262"]
[BlackElo "2181"]
[TimeControl "180+2"]
[EndTime "14:52:51 PST"]
[Termination "Sajkochess won by resignation"]

1. e4 c5 2. Nf3 e6 3. d4 cxd4 4. Nxd4 Nf6 5. Nc3 Nc6 6. g3 Bb4 7. Bg2 O-O 8. O-O Bxc3 9. bxc3 d6 10. Nxc6 bxc6 11. e5 dxe5 12. Bxc6 Rb8 13. Ba3 Qb6 14. Rb1 Qxb1 15. Qxb1 Rxb1 16. Rxb1 Rd8 17. Be7 Rd2 18. Rb8 Rd1+ 19. Kg2 1-0

[Event "*** Titled Tuesday Blitz"]
[Site "Chess.com"]
[Date "2019.03.05"]
[Round "8"]
[White "LukasHandler"]
[Black "Mbneu"]
[Result "1-0"]
[WhiteElo "2389"]
[BlackElo "2236"]
[TimeControl "180+2"]
[EndTime "14:53:21 PST"]
[Termination "LukasHandler won by resignation"]

1. d4 Nf6 2. c4 c5 3. d5 e6 4. Nc3 exd5 5. cxd5 d6 6. e4 g6 7. Be2 Bg7 8. Be3 O-O 9. Nf3 Re8 10. Nd2 Nbd7 11.
O-O a6 12. a4 Rb8 13. h3 Qc7 14. Bf4 Ne5 15. Bg3 c4 16. Bxe5 Rxe5 17. Bxc4 b5 18. axb5 axb5 19. Bxb5 Qc5 20. Bc6 Rxb2 21. Na4 Rxd2 22.
Nxc5 Rxd1 23. Rfxd1 dxc5 24. Ra8 1-0

[Event "*** Titled Tuesday Blitz"]
[Site "Chess.com"]
[Date "2019.03.05"]
[Round "8"]
[White "fm_magua"]
[Black "chenrip"]
[Result "1/2-1/2"]
[WhiteElo "2470"]
[BlackElo "2321"]
[TimeControl "180+2"]
[EndTime "14:53:32 PST"]
[Termination "Game drawn by agreement"]

1. e4 e6 2. d3 d5 3. Nd2 b6 4. Ngf3 Bb7 5. exd5 Bxd5 6. Be2 Nf6 7. O-O Be7 8. c4 Bb7 9. d4 c5 10. dxc5 Bxc5 11.
Nb3 Qxd1 12. Rxd1 Nbd7 13. Nxc5 Nxc5 14. Bg5 Nce4 15. Be3 O-O 16. h3 Rfd8 17. a4 Nc5 18. b4 Rxd1+ 19. Bxd1 Nd3 20. b5 Rc8 21. Be2 Nc5 22.
a5 Nb3 23. Ra3 Nxa5 24. c5 Nd5 25. cxb6 Nxe3 26. Rxa5 axb6 27. Ra7 Bxf3 28. Bxf3 Rc1+ 29. Kh2 Nf1+ 30. Kg1 g6 31. Bc6 Nd2+ 32. Kh2 Nf1+ 33.
Kg1 Nd2+ 34. Kh2 Nf1+ 1/2-1/2

[Event "*** Titled Tuesday Blitz"]
[Site "Chess.com"]
[Date "2019.03.05"]
[Round "8"]
[White "mouseWLZ"]
[Black "StephenDedalus83"]
[Result "1-0"]
[WhiteElo "2531"]
[BlackElo "2682"]
[TimeControl "180+2"]
[EndTime "14:53:43 PST"]
[Termination "mouseWLZ won by resignation"]

1. d4 Nf6 2. Nf3 g6 3. c4 Bg7 4. Nc3 d5 5. cxd5 Nxd5 6. e4 Nxc3 7. bxc3 c5 8. Be2 Nc6 9. Be3 Bg4 10. e5 cxd4 11.
cxd4 Qa5+ 12. Bd2 Qd5 13. Be3 O-O 14. O-O Rfd8 15. Rb1 b6 16. Rc1 Na5 17. h3 Be6 18. Ng5 Qxa2 19. Nxe6 Qxe6 20. Bg4 Qb3 21. Qe2 e6 22. Rc7 h5 23. Bf3 Rac8 24. Rxa7 Nc6 25.
Bxc6 Rxc6 26. Qf3 1-0

[Event "*** Titled Tuesday Blitz"]
[Site "Chess.com"]
[Date "2019.03.05"]
[Round "8"]
[White "jocmil"]
[Black "tunadrol"]
[Result "1/2-1/2"]
[WhiteElo "2436"]
[BlackElo "2498"]
[TimeControl "180+2"]
[EndTime "14:53:53 PST"]
[Termination "Game drawn by agreement"]

1. Nf3 Nf6 2. c4 d5 3. d4 g6 4. e3 Bg7 5. Nc3 O-O 6. cxd5 Nxd5 7. Be2 c5 8. Nxd5 Qxd5 9. dxc5 Qxc5 10. O-O Nc6 11.
Qb3 Bf5 12. Bd2 Qb6 13. Qxb6 axb6 14. Bc3 Bxc3 15. bxc3 Ra3 16. Nd4 Rxc3 17. Nxf5 gxf5 18. Rab1 Rc2 19. Bf3 Ne5 20. Rxb6 Nxf3+ 21. gxf3 Rxa2 22. Rxb7 e6 23. f4 1/2-1/2

[Event "*** Titled Tuesday Blitz"]
[Site "Chess.com"]
[Date "2019.03.05"]
[Round "8"]
[White "PotapovaM"]
[Black "Ibraev_Vasilj"]
[Result "1/2-1/2"]
[WhiteElo "2426"]
[BlackElo "2163"]
[TimeControl "180+2"]
[EndTime "14:54:15 PST"]
[Termination "Game drawn by repetition"]

1. d4 Nf6 2. c4 g6 3. Nc3 Bg7 4. e4 d6 5. Nf3 O-O 6. h3 c5 7. d5 e6 8. Bd3 exd5 9. exd5 Re8+ 10. Be3 a6 11. O-O Nbd7 12. Re1 Rb8 13. a4 b6 14. Qd2 Qc7 15. Bh6 Bb7 16. Qg5 Bh8 17. h4 Nf8 18. Nd2 N8d7 19. Nf3 Nf8 20. Nd2 N8d7 21.
Nf3 Nf8 1/2-1/2